AoeStats
← zipfiklatscher

Arena

509889610Analyzed
1v1 RM · 5d ago on Sep 28, 2026· 45m 55s· 2 players
Game mode
Random Map
Map size
Tiny (2 player)
Population
200
Speed
Normal
Resources
Standard
Victory
Conquest
Starting age
Dark Age
Ending age
Imperial Age
RankedLock teamsTeams togetherTeam positionsShared explorationLock speedFull tech treeHidden civsTurbo modeCheats
Victory
Defeat
🇹🇷 Britons · Türkiye
748
+17
🇦🇹 Malians · Austria
764
-17
judge0625
10:52 Feudal Age
14:08 Stone Mining
18:56 Castle Age
18:21 Gold Mining
18:19 Double-Bit Axe
18:16 Horse Collar
20:20 Wheelbarrow
25:46 Gold Shaft Mining
30:37 Imperial Age
29:04 Hand Cart
29:14 Bow Saw
29:27 Heavy Plow
29:55 Fletching
30:06 Padded Archer Armor
31:12 Bodkin Arrow
31:33 Leather Archer Armor
33:08 Two-Man Saw
32:58 Bracer
35:24 Ring Archer Armor
36:18 Yeomen
37:09 Chemistry
36:36 Ballistics
36:41 Elite Longbowman
39:40 Light Cavalry
40:21 Husbandry
40:29 Scale Barding Armor
40:35 Forging
45:19 Chain Barding Armor
45:46 Iron Casting
zipfiklatscher
5:58 Loom
12:10 Feudal Age
13:12 Double-Bit Axe
16:45 Castle Age
14:33 Horse Collar
16:10 Gold Mining
20:47 Bow Saw
20:38 Heavy Plow
21:15 Gold Shaft Mining
23:34 Wheelbarrow
25:00 Hand Cart
29:20 Imperial Age
27:10 Stone Mining
29:44 Stone Shaft Mining
31:32 Forging
31:33 Elite Skirmisher
33:06 Ballistics
33:47 Chemistry
32:48 Town Watch
33:11 Thumb Ring
32:59 Fletching
33:09 Padded Archer Armor
33:49 Town Patrol
35:28 Man-at-Arms
36:09 Squires
36:49 Long Swordsman
37:59 Bodkin Arrow
38:20 Leather Archer Armor
38:41 Iron Casting
38:06 Scale Mail Armor
37:59 Two-Handed Swordsman
39:01 Champion
39:11 Capped Ram
42:31 Chain Mail Armor
42:47 Ring Archer Armor
44:10 Plate Mail Armor
Connection lost

Rejoining the realm…

Still unreachable

The connection could not be restored.

Session expired

The server has moved on; the page needs a fresh start.